Map: [ESL] Oceanborn

Players

Solar - Winner!

  • Race: Zerg Zerg
  • Spawn Location: 5:00

Clem

  • Race: Terran Terran
  • Spawn Location: 11:00

Event: ESL SC2 Masters 2023 Winter (Finals)

VOD

Have the link to the VOD?

Description

Time

  • Played on: Dec. 16, 2023, 5:31 p.m.
  • Length: 19:34

All games in this series

Show
View Real Time Build Order
Export as new Build Order

Solar Zerg - Winner!

Build Orders: Hatch First, Lurkers 

Get SALT Encoding   

  12  0:00  Drone  
  13  0:12  Overlord  
  13  0:16  Drone  
  14  0:30  Drone x2  
  16  0:48  Hatchery  
  15  0:51  Drone  
  15  0:54  Drone  
  17  0:57  Drone  
  18  1:08  Extractor  
  17  1:14  Spawning Pool  
  17  1:15  Drone  
  17  1:18  Drone  
  18  1:27  Drone  
  19  1:38  Drone  
  20  1:49  Drone  
  21  2:00  Zergling x2  
  21  2:01  Zergling x2, Queen x2  
  27  2:11  Zergling x2  
  27  2:12  Overlord  
  28  2:21  Hatchery  
  27  2:23  Drone  
  28  2:31  Drone  
  28  2:36  Queen  
  31  2:38  Drone  
  31  2:42  Metabolic Boost  
  32  2:47  Overlord  
  31  2:51  Drone  
  31  2:52  Drone  
  31  2:55  Drone  
  31  2:57  Drone  
  35  3:05  Drone x2  
  37  3:09  Drone x3  
  40  3:15  Queen  
  42  3:20  Overlord  
  42  3:22  Drone  
  43  3:32  Queen  
  43  3:33  Queen  
  47  3:44  Drone x7  
  47  3:46  Drone  
  55  3:49  Drone  
  55  3:51  Overlord  
  55  3:54  Overlord  
  56  3:57  Drone  
  56  4:02  Overlord  
  57  4:09  Drone x3  
  60  4:10  Drone x2  
  60  4:11  Queen  
  60  4:14  Queen  
  66  4:17  Zergling x2  
  66  4:18  Zergling x2  
  66  4:19  Drone x2  
  66  4:22  Overlord  
  66  4:23  Drone x2  
  72  4:25  Drone  
  72  4:28  Zergling x4  
  72  4:29  Overlord  
  75  4:36  Overlord  
  75  4:37  Drone  
  76  4:41  Drone  
  76  4:42  Extractor, Spore Crawler  
  76  4:45  Drone x4, Spore Crawler  
  78  4:47  Drone  
  78  4:50  Evolution Chamber  
  78  4:51  Evolution Chamber  
  78  4:52  Queen  
  79  4:53  Spore Crawler  
  79  4:54  Drone x2  
  80  5:00  Drone  
  80  5:01  Drone x5  
  80  5:05  Zergling x4  
  88  5:09  Drone  
  88  5:10  Drone  
  88  5:14  Extractor  
  88  5:15  Drone  
  88  5:19  Drone  
  89  5:23  Overlord  
  89  5:24  Drone x3  
  89  5:27  Zerg Melee Weapons Level 1, Zerg Ground Armor Level 1  
  89  5:28  Spore Crawler  
  91  5:32  Drone x3  
  93  5:37  Drone  
  93  5:39  Drone x2  
  93  5:40  Extractor  
  93  5:41  Extractor  
  93  5:42  Overlord  
  94  5:43  Lair  
  94  5:44  Drone x2  
  94  5:46  Zergling x2, Hatchery  
  94  5:49  Drone x2  
  95  5:51  Drone  
  95  5:53  Baneling Nest  
  95  5:55  Drone  
  96  5:57  Overlord  
  96  6:01  Drone  
  96  6:02  Drone x2  
  96  6:03  Drone  
  98  6:07  Drone  
  98  6:09  Drone x2  
  99  6:12  Drone  
  99  6:18  Zergling x8  
  104  6:22  Drone x2  
  106  6:26  Drone  
  106  6:31  Overlord, Hatchery  
  106  6:35  Zergling x8  
  106  6:37  Zergling x2  
  106  6:38  Zergling x2  
  112  6:43  Zergling x10  
  112  6:46  Baneling x9, Centrifugal Hooks  
  117  6:47  Baneling x3  
  117  6:48  Zergling x4  
  117  6:50  Overseer  
  117  6:52  Overlord  
  119  6:56  Zergling x4  
  119  6:57  Baneling x2  
  119  7:00  Queen  
  119  7:01  Zergling x4  
  125  7:04  Drone  
  126  7:10  Zergling x16  
  126  7:14  Extractor, Drone x4  
  137  7:20  Zergling x2  
  137  7:21  Zergling x4, Hydralisk Den  
  139  7:25  Zergling x2  
  139  7:27  Overlord  
  139  7:28  Zerg Melee Weapons Level 2, Zerg Ground Armor Level 2  
  139  7:29  Drone  
  137  7:31  Pneumatized Carapace  
  137  7:34  Drone x2  
  137  7:35  Drone x3  
  141  7:38  Baneling x2, Overlord  
  141  7:42  Zergling x12  
  141  7:43  Zergling x2  
  148  7:46  Zergling x2  
  148  7:47  Overlord x3  
  148  7:49  Overlord  
  149  7:52  Extractor, Overlord  
  149  7:54  Baneling x15  
  149  7:55  Overlord  
  149  7:57  Drone  
  149  7:58  Drone x3  
  151  8:04  Hydralisk x2  
  156  8:12  Zergling x18  
  150  8:15  Baneling x7  
  150  8:19  Extractor  
  148  8:20  Overseer, Hatchery  
  148  8:22  Infestation Pit, Drone  
  148  8:23  Drone x2  
  148  8:24  Drone x2  
  148  8:26  Grooved Spines  
  151  8:33  Zergling x18  
  154  8:37  Zergling x4  
  155  8:41  Hydralisk x2, Baneling x2  
  155  8:43  Baneling x3  
  154  8:49  Zergling x16  
  154  8:51  Zergling x8  
  158  8:59  Drone  
  158  9:00  Drone x2  
  158  9:02  Hive  
  158  9:04  Lurker Den  
  158  9:05  Zergling x12  
  163  9:10  Hydralisk x3  
  163  9:14  Zergling x2  
  164  9:17  Hydralisk x2, Muscular Augments  
  164  9:22  Spore Crawler  
  164  9:23  Zergling x14  
  159  9:24  Zergling x2  
  159  9:29  Hydralisk x2  
  164  9:35  Zergling x10  
  167  9:38  Zergling x8  
  167  9:39  Baneling x6  
  167  9:43  Zergling x8  
  167  9:44  Zerg Missile Weapons Level 1  
  167  9:45  Baneling x2  
  175  9:46  Drone  
  175  9:49  Zergling x2  
  176  9:53  Zergling x12  
  176  9:56  Overseer  
  180  10:00  Hydralisk x2  
  180  10:01  Zergling x10  
  188  10:10  Zergling x8  
  189  10:14  Zergling x16  
  189  10:16  Queen  
  189  10:17  Viper  
  189  10:18  Viper  
  189  10:20  Adrenal Glands  
  190  10:22  Zergling x6  
  190  10:24  Queen  
  195  10:29  Zergling x10  
  195  10:33  Zerg Ground Armor Level 3  
  195  10:35  Baneling x10  
  200  10:38  Drone  
  187  10:44  Zergling x18  
  181  10:50  Zergling x10  
  181  10:51  Zergling x6  
  181  10:55  Zergling x8  
  192  10:58  Drone x3  
  195  11:05  Seismic Spines  
  195  11:07  Zergling x6  
  195  11:10  Baneling x2  
  195  11:11  Baneling x7  
  198  11:14  Zergling x4  
  200  11:18  Overseer  
  200  11:20  Nydus Network  
  200  11:23  Burrow  
  200  11:24  Hatchery  
  197  11:30  Zergling x20  
  187  11:40  Hydralisk x3  
  187  11:41  Zergling x14  
  187  11:44  Zergling x4  
  199  11:49  Zergling x6  
  198  11:55  Zergling x4  
  198  11:59  Baneling x16  
  199  12:01  Zergling x2  
  199  12:02  Adaptive Talons  
  197  12:10  Zergling x6  
  197  12:11  Zergling x8  
  196  12:18  Nydus Canal  
  196  12:19  Zergling x14  
  196  12:21  Zergling x6  
  198  12:27  Zergling x2  
  198  12:28  Zergling x6  
  200  12:31  Zerg Melee Weapons Level 3  
  200  12:33  Zergling x4  
  200  12:39  Zergling x2  
  199  12:45  Zergling x2  
  199  12:46  Zergling x8  
  183  12:52  Zergling x18  
  183  12:56  Hydralisk x3  
  196  13:02  Zergling x12  
  180  13:06  Zergling x16  
  180  13:10  Zergling x10, Zerg Missile Weapons Level 2  
  190  13:13  Overseer, Baneling x15  
  190  13:15  Zergling x2  
  190  13:22  Lurker x6  
  190  13:23  Zergling x8  
  199  13:30  Zergling x8  
  199  13:32  Nydus Canal  
  199  13:36  Baneling x22  
  199  13:38  Zergling x12  
  191  13:42  Drone x9  
  191  13:44  Spore Crawler  
  191  13:45  Drone  
  200  13:51  Nydus Canal  
  198  13:57  Hydralisk x2  
  198  14:02  Zergling x14  
  200  14:05  Zergling x8  
  200  14:06  Zergling x2  
  200  14:07  Hydralisk x2  
  194  14:12  Zergling x2  
  194  14:13  Zergling x14  
  194  14:16  Zergling x2  
  199  14:19  Drone x2  
  197  14:26  Zergling x26  
  198  14:36  Baneling x17  
  192  14:40  Zergling x8  
  192  14:42  Drone  
  192  14:44  Drone x2  
  198  14:50  Zergling x4  
  198  14:52  Nydus Canal  
  199  15:08  Drone  
  197  15:14  Zergling x4  
  197  15:17  Baneling x7  
  199  15:23  Overseer  
  199  15:25  Overseer x2  
  199  15:37  Hatchery  
  197  15:49  Zergling x10  
  200  15:50  Zergling x12  
  200  15:53  Zergling x12  
  200  15:54  Zergling x12, Spire  
  199  16:03  Overlord  
  195  16:05  Overlord  
  195  16:07  Overseer x2  
  188  16:19  Zergling x12  
  188  16:24  Zergling x12  
  199  16:26  Overseer  
  198  16:34  Hydralisk x2  
  198  16:35  Zergling x8  
  198  16:36  Zergling x2  
  198  16:38  Zergling x2  
  200  16:41  Zerg Missile Weapons Level 3  
  186  16:49  Zergling x34  
  186  16:50  Zergling x10  
  186  16:53  Zergling x26  
  193  16:57  Nydus Canal  
  193  16:58  Hydralisk  
  193  17:00  Infestor x2  
  192  17:04  Zergling x8  
  195  17:09  Zergling x8  
  195  17:10  Zergling x2  
  195  17:13  Drone x2  
  195  17:14  Drone  
  195  17:15  Drone, Baneling  
  200  17:16  Baneling x8  
  200  17:20  Zergling x4  
  199  17:26  Zergling x4  
  199  17:27  Nydus Canal  
  199  17:29  Zergling x2  
  199  17:32  Zergling x2  
  199  17:33  Zergling x10  
  198  17:40  Zergling x2  
  196  17:54  Hydralisk x2  
  196  17:55  Zergling x8  
  196  17:56  Overlord x4  
  196  17:57  Overseer, Overlord  
  196  17:58  Overseer x2  
  182  18:03  Zergling x2, Nydus Canal  
  182  18:04  Zergling x10  
  170  18:07  Hydralisk x6  
  170  18:09  Zergling x16  
  170  18:11  Zergling x10  
  184  18:14  Drone  
  184  18:16  Hydralisk x4  
  184  18:19  Zergling x2  
  190  18:20  Zergling x2  
  190  18:23  Hydralisk  
  190  18:26  Hydralisk  
  190  18:27  Hydralisk x3  
  184  18:30  Baneling x7  
  186  18:37  Baneling x22  
  186  18:38  Baneling  
  186  18:39  Zergling x2  
  186  18:41  Zergling x4  
  186  18:43  Nydus Canal  
  186  18:45  Baneling x5  
  186  18:47  Zergling x2  
  186  18:48  Zergling x4  
  189  18:51  Infestor, Drone x3  
  189  18:54  Drone  
  189  18:55  Hydralisk  
  190  19:01  Zergling x2  
  190  19:02  Zergling x10  
  192  19:06  Zergling x2  
  192  19:07  Zergling x8, Hatchery  
  192  19:08  Zergling x2  
  197  19:13  Zergling x2  
  197  19:14  Zergling x2  
Show
View Real Time Build Order
Export as new Build Order

Clem Terran 

Build Orders: Reaper Expand, Banshee Rush 

Get SALT Encoding   

  12  0:00  SCV  
  13  0:12  SCV  
  14  0:17  Supply Depot  
  14  0:24  SCV  
  15  0:38  SCV  
  15  0:41  Barracks  
  16  0:43  Refinery  
  16  0:50  SCV  
  17  1:02  SCV  
  18  1:15  SCV  
  19  1:27  Orbital Command  
  19  1:28  Reaper  
  20  1:38  Command Center  
  20  1:46  Supply Depot  
  20  1:53  SCV  
  21  2:00  Marine  
  22  2:06  SCV  
  23  2:10  Factory  
  23  2:18  SCV  
  23  2:21  Barracks Reactor  
  24  2:30  SCV  
  25  2:41  Command Center  
  25  2:42  SCV  
  26  2:52  Orbital Command  
  26  2:54  SCV  
  27  2:59  Starport  
  27  3:05  Refinery  
  27  3:06  SCV  
  27  3:09  Hellion  
  30  3:15  Hellion  
  30  3:18  SCV  
  30  3:19  SCV  
  34  3:21  Barracks Tech Lab  
  34  3:30  Hellion, SCV  
  34  3:31  SCV  
  38  3:36  Hellion  
  40  3:42  SCV  
  40  3:43  Banshee, SCV  
  40  3:45  Marine  
  46  3:54  Orbital Command  
  46  3:55  SCV x2  
  48  3:56  Hellion  
  48  3:59  Cloaking Field  
  50  4:04  Barracks Tech Lab  
  50  4:05  Supply Depot  
  50  4:07  SCV  
  50  4:08  SCV  
  52  4:19  SCV  
  52  4:20  SCV  
  52  4:21  SCV  
  55  4:25  Barracks  
  55  4:26  Banshee  
  55  4:28  Marine  
  55  4:30  Barracks  
  55  4:31  Supply Depot  
  59  4:32  Factory Reactor  
  59  4:34  SCV  
  59  4:35  SCV x2  
  62  4:39  Refinery  
  62  4:44  Supply Depot  
  62  4:45  Orbital Command, Marine  
  62  4:46  SCV  
  62  4:48  Refinery  
  62  4:50  SCV  
  62  4:52  Stimpack  
  65  4:53  Supply Depot  
  65  4:58  SCV  
  66  5:00  Engineering Bay  
  66  5:02  SCV  
  66  5:03  Marine, Engineering Bay  
  68  5:10  SCV  
  69  5:14  SCV  
  69  5:16  Supply Depot  
  69  5:17  SCV  
  69  5:18  Factory Reactor  
  69  5:21  Marine  
  72  5:22  SCV, Marine x2  
  72  5:25  Starport Reactor  
  72  5:26  SCV  
  76  5:29  SCV  
  76  5:30  Terran Infantry Weapons Level 1, Terran Infantry Armor Level 1  
  76  5:31  Supply Depot  
  76  5:32  Marine  
  76  5:33  Marine  
  76  5:34  SCV  
  80  5:38  SCV  
  80  5:41  SCV  
  80  5:42  Marine  
  83  5:43  Supply Depot, Marine  
  83  5:44  Marine  
  83  5:46  SCV  
  86  5:50  SCV, Marine  
  86  5:52  Marine  
  86  5:53  SCV  
  90  5:57  Barracks  
  90  5:58  Barracks  
  90  6:00  Marine, Widow Mine x2  
  90  6:01  SCV  
  90  6:02  SCV  
  90  6:03  Medivac x2  
  101  6:05  SCV  
  101  6:07  Marine  
  101  6:10  Supply Depot  
  103  6:13  SCV, Refinery  
  103  6:15  SCV  
  103  6:16  Marine x2  
  103  6:17  Factory  
  107  6:18  Marine  
  107  6:20  SCV  
  107  6:21  Supply Depot  
  107  6:24  Armory  
  107  6:25  SCV  
  110  6:27  SCV  
  110  6:30  Widow Mine x2  
  110  6:32  Marine x2  
  117  6:33  Supply Depot  
  117  6:34  Combat Shield  
  118  6:40  Medivac x2  
  118  6:45  Barracks Reactor  
  121  6:49  Command Center  
  121  6:53  Marine  
  122  6:55  Barracks Reactor, Supply Depot  
  122  6:57  Supply Depot  
  122  6:58  Widow Mine x2  
  122  7:00  Marine  
  127  7:02  Marine  
  127  7:03  Supply Depot  
  127  7:06  Marine  
  127  7:07  Marine  
  130  7:09  Widow Mine  
  130  7:11  Marine  
  130  7:12  Supply Depot  
  130  7:13  Drilling Claws  
  130  7:15  Medivac  
  135  7:17  Medivac  
  135  7:18  Marine  
  135  7:20  Widow Mine x2  
  135  7:22  Marine x2  
  143  7:23  Marine  
  143  7:24  Supply Depot, Marine  
  143  7:25  Marine  
  147  7:30  Marine  
  147  7:33  Widow Mine, Marine x2  
  147  7:36  Marine  
  148  7:39  Supply Depot  
  148  7:40  Marine, Refinery  
  148  7:41  Marine  
  150  7:44  Terran Infantry Armor Level 2, Marine x2  
  150  7:46  Terran Infantry Weapons Level 2  
  150  7:49  Supply Depot  
  150  7:50  Marine x2, Widow Mine  
  150  7:51  Supply Depot  
  156  7:52  Marine  
  156  7:54  Marine x2  
  156  7:58  Marine  
  160  7:59  Marine, Medivac  
  160  8:02  Marine x2  
  160  8:03  Widow Mine  
  167  8:08  Marine x2  
  167  8:10  Medivac, Marine  
  167  8:11  Widow Mine  
  167  8:12  Marine x2  
  157  8:16  SCV  
  157  8:18  SCV  
  157  8:21  Marine x2, Widow Mine  
  157  8:24  Terran Vehicle And Ship Armor Level 1  
  161  8:28  Barracks  
  161  8:29  SCV  
  161  8:30  Barracks, SCV  
  161  8:31  SCV  
  161  8:32  Barracks  
  164  8:34  Marine  
  164  8:38  Marine, Widow Mine  
  166  8:42  Marine, Medivac x2  
  166  8:44  Widow Mine  
  166  8:45  Sensor Tower  
  163  8:51  Marine  
  163  8:52  Marine  
  163  8:54  Widow Mine  
  160  8:59  Widow Mine, Marine x2  
  160  9:00  Marine x3  
  165  9:06  Planetary Fortress, Widow Mine  
  165  9:07  SCV  
  165  9:08  SCV x2  
  166  9:12  Medivac  
  166  9:13  Marine  
  166  9:15  Widow Mine  
  164  9:17  Marine x3  
  164  9:19  SCV  
  164  9:20  Marine, Barracks Tech Lab x2, Widow Mine, Marauder  
  164  9:21  Barracks Tech Lab  
  164  9:22  Medivac  
  170  9:27  SCV, Widow Mine  
  170  9:29  SCV  
  172  9:36  Sensor Tower, Widow Mine  
  172  9:38  Marine, Refinery  
  172  9:39  Marauder, Marine x2, Refinery  
  172  9:42  Widow Mine  
  172  9:45  Marine, Marauder x2  
  182  9:46  Marine  
  182  9:49  Marine, Widow Mine  
  185  9:58  Widow Mine  
  185  9:59  Command Center  
  184  10:03  Widow Mine  
  184  10:04  Concussive Shells, Marauder x2, Marine x2  
  192  10:10  Widow Mine  
  192  10:13  Medivac  
  182  10:14  Marine  
  182  10:16  Marine  
  182  10:19  Widow Mine  
  182  10:21  Marine  
  178  10:24  Widow Mine  
  178  10:25  Command Center  
  178  10:26  Command Center  
  180  10:28  Ghost Academy  
  180  10:31  Widow Mine  
  182  10:40  Widow Mine, Medivac  
  182  10:42  Marine x2  
  180  10:46  Medivac, Widow Mine  
  180  10:47  Marine  
  180  10:49  Marine x5  
  169  10:50  Marauder x3, Marine  
  169  10:53  Widow Mine  
  168  11:00  Marine x2  
  168  11:01  Terran Infantry Weapons Level 3  
  168  11:02  Widow Mine  
  170  11:07  Widow Mine  
  170  11:08  Marauder  
  170  11:10  Terran Infantry Armor Level 3  
  174  11:14  Widow Mine  
  174  11:15  Marine  
  174  11:17  Ghost  
  179  11:19  Ghost  
  179  11:22  Missile Turret  
  179  11:23  Marine, Widow Mine  
  179  11:24  Marine x3  
  187  11:28  Ghost  
  187  11:29  Widow Mine  
  187  11:31  Marine  
  187  11:32  Marine  
  187  11:36  Widow Mine  
  187  11:39  Medivac  
  174  11:40  Marine  
  174  11:43  Ghost  
  174  11:44  Marine  
  174  11:45  Widow Mine  
  175  11:50  Widow Mine  
  175  11:52  Ghost  
  178  11:56  Planetary Fortress  
  178  11:57  Widow Mine  
  178  11:58  Orbital Command x2  
  178  12:00  Marine x3  
  173  12:01  Marine  
  173  12:02  Marine  
  173  12:03  Command Center  
  173  12:04  Marine  
  173  12:06  Widow Mine  
  177  12:08  Marine x2  
  177  12:10  Marine  
  177  12:11  Widow Mine, Marine  
  177  12:12  SCV  
  174  12:18  Widow Mine  
  174  12:22  Ghost  
  165  12:27  Widow Mine, Marine x4  
  165  12:28  Marine  
  165  12:29  Marine  
  170  12:30  Marine  
  170  12:33  Widow Mine  
  170  12:36  SCV x2  
  169  12:40  Marine x2, Widow Mine  
  169  12:42  SCV x2  
  176  12:46  Marine  
  176  12:47  Marine x2  
  176  12:48  Marine  
  176  12:49  Widow Mine  
  176  12:50  Marine, Marauder x2  
  162  12:53  Marine x2  
  162  12:55  Widow Mine  
  162  12:57  Liberator, Marine  
  160  13:03  Widow Mine  
  160  13:04  Marine  
  156  13:05  SCV  
  156  13:07  SCV  
  156  13:10  SCV x2  
  159  13:15  Marine x2, Widow Mine  
  159  13:17  SCV  
  159  13:19  Liberator, SCV  
  168  13:20  Marine  
  168  13:24  Ghost  
  171  13:28  Marine, Widow Mine  
  171  13:30  Orbital Command, SCV x2  
  171  13:32  SCV  
  177  13:39  Marine  
  177  13:40  Marine x2  
  180  13:42  SCV  
  180  13:43  Marauder  
  179  13:48  Widow Mine  
  179  13:51  Ghost  
  169  13:58  Marauder  
  164  14:09  Widow Mine, Marine  
  155  14:10  Orbital Command, Marine  
  155  14:11  SCV, Marine x2  
  155  14:23  SCV  
  155  14:24  Widow Mine, Marine  
  156  14:33  Orbital Command  
  156  14:37  Orbital Command  
  155  14:38  Widow Mine, Marine  
  155  14:42  SCV x2  
  155  14:44  Widow Mine, Marine  
  155  14:45  SCV  
  162  14:46  SCV x2  
  162  14:52  Widow Mine  
  166  14:53  Ghost, Marine  
  166  14:54  Marine  
  170  15:00  SCV, Widow Mine  
  170  15:03  SCV  
  174  15:09  Widow Mine, Marine x2  
  174  15:11  Marine  
  174  15:13  Widow Mine  
  170  15:16  SCV  
  170  15:18  Missile Turret  
  171  15:22  SCV x2  
  171  15:23  Widow Mine  
  174  15:29  Liberator  
  174  15:30  Marauder  
  174  15:31  Liberator  
  174  15:33  Widow Mine  
  184  15:35  Terran Vehicle And Ship Armor Level 2  
  184  15:46  Command Center, Widow Mine  
  184  15:47  Marine x3  
  187  15:53  Widow Mine  
  185  16:00  SCV x3  
  185  16:02  SCV  
  189  16:04  Widow Mine  
  189  16:06  Ghost  
  189  16:07  Ghost  
  189  16:09  Ghost  
  189  16:10  Marine x2  
  193  16:11  Liberator  
  193  16:13  Widow Mine  
  194  16:22  Widow Mine, Marine x2  
  194  16:25  Cyclone, Marine x2  
  199  16:37  Command Center  
  199  16:38  Marine  
  200  16:44  Liberator  
  195  16:49  Widow Mine, Marine  
  195  16:50  Marine x2  
  195  16:51  Marine  
  195  16:53  Widow Mine  
  171  16:54  Marine  
  171  16:58  Ghost x2  
  171  16:59  Marine x2  
  177  17:10  Widow Mine  
  177  17:15  Refinery  
  181  17:16  Refinery  
  181  17:17  Widow Mine, Marine x2  
  182  17:23  Marine  
  182  17:26  Widow Mine  
  182  17:27  Liberator, Ghost  
  184  17:31  Widow Mine, Marine x3  
  184  17:36  Marine  
  185  17:38  Command Center  
  185  17:39  Widow Mine  
  185  17:41  SCV  
  185  17:43  SCV  
  189  17:49  Ghost, Marine x2, Widow Mine  
  189  17:51  Liberator, Marine  
  183  17:52  Marine  
  183  17:53  Widow Mine  
  175  18:00  Command Center, Widow Mine  
  175  18:04  Marine  
  150  18:06  Marine  
  150  18:08  Marine  
  150  18:10  Liberator, SCV x3  
  150  18:11  SCV, Marine x2  
  150  18:12  SCV, Marine x2  
  158  18:18  Ghost  
  154  18:20  Marine  
  154  18:22  SCV  
  154  18:23  Marine, SCV  
  143  18:29  Ghost  
  143  18:31  SCV  
  143  18:33  SCV  
  143  18:34  Ghost, SCV  
  142  18:42  Liberator  
  142  18:44  Marine  
  142  18:47  Marauder  
  148  18:49  Sensor Tower  
  148  18:50  Widow Mine  
  148  18:52  Marine  
  148  18:54  Marine  
  151  18:59  Marauder  
  153  19:06  Marauder, SCV  
Tags
 
Add a new tag
Caveats
  • Supply blocks, unpowered buildings, or Contaminate may cause inaccurate times.
  • Supply counts are checked every 10 seconds.